 Dungeon Crawl Stone Soup version 0.31-a0-1091-g283494c966 (webtiles) character file.

Game seed: 7772494927140832709

13368 kae the Covert (level 11, 0/83 HPs)
             Began as a Demonspawn Enchanter on Nov 28, 2023.
             Was an Elder of Dithmenos.
             Slain by a black mamba (11 damage)
             ... on level 1 of the Lair of Beasts.
             The game lasted 00:18:15 (11720 turns).

kae the Covert (Demonspawn Enchanter)              Turns: 11720, Time: 00:18:15

Health: 0/83       AC:  6    Str: 13    XL:     11   Next: 74%
Magic:  12/20      EV: 18    Int: 17    God:    Dithmenos [****..]
Gold:   672        SH:  0    Dex: 13    Spells: 12/23 levels left

rFire   . . .        i - +3 dagger (speed)
rCold   . . .        (no shield)
rNeg    + . .        K - +0 troll leather armour
rPois   .            (no helmet)
rElec   .            (no cloak)
rCorr   .            (no gloves)
SInv    .            (no boots)
Will    .....        g - amulet of regeneration
Stlth   ++++++       N - ring of positive energy
HPRegen 1.93/turn    (no ring)
MPRegen 0.17/turn

%: no passive effects
@: agile, lethally poisoned (0 -> -4), wreathed by umbra
A: molten scales 2, powered by death 2, powered by pain 1, demonic touch 2
a: Renounce Religion, Shadow Step


You were on level 1 of the Lair of Beasts.
You worshipped Dithmenos.
Dithmenos was greatly pleased with you.
You visited 3 branches of the dungeon, and saw 13 of its levels.
You also visited: Sewer and Ossuary.

You collected 749 gold pieces.
You spent 77 gold pieces at shops.


Innate Abilities, Weirdness & Mutations

You are mostly covered in molten scales. (AC +3)
You regenerate health from kills.
You sometimes gain a little power by taking damage.
Your touch may inflict irresistible damage on your foes.


   Skills:
 + Level 6.8 Fighting
 * Level 8.9 Short Blades
 + Level 3.8 Armour
 + Level 4.3 Dodging
 * Level 10.0 Stealth
 + Level 6.6 Spellcasting
 + Level 7.5 Hexes


You had 12 spell levels left.
You knew the following spells:

 Your Spells              Type           Power      Damage    Failure   Level
a - Ensorcelled Hibernat  Hex/Ice        36%        N/A       4%          2
b - Confusing Touch       Hex            31%        N/A       1%          3
c - Tukima's Dance        Hex            31%        N/A       1%          3
d - Dazzling Flash        Conj/Hex       36%        N/A       10%         3

Your spell library contained the following spells:

 Spells                   Type           Power      Damage    Failure   Level
 Inner Flame              Hex/Fire       18%        N/A       10%         3
 Foxfire                  Conj/Fire      20%        2x1d5     16%         1
 Magic Dart               Conj           20%        1d4       16%         1
 Necrotise                Necr           20%        1d5       16%         1
 Sandblast                Erth           10%        2d5       16%         1
 Shock                    Conj/Air       20%        1d4       16%         1
 Passwall                 Tmut/Erth      4%         N/A       22%         2
 Searing Ray              Conj           10%        2d4       22%         2
 Static Discharge         Conj/Air       10%        3-4/arc   22%         2
 Fulminant Prism          Conj/Hex       9%         3d7       30%         4
 Frozen Ramparts          Ice            10%        1d2       41%         3
 Ozocubu's Armour         Ice            5%         N/A       41%         3
 Stone Arrow              Conj/Erth      10%        3d7       41%         3
 Vampiric Draining        Necr           5%         2d6       41%         3
 Metabolic Englaciation   Hex/Ice        9%         N/A       65%         5
 Airstrike                Air            2%         2d(1-17)  83%         4
 Brom's Barrelling Bould  Conj/Erth      5%         2d3       83%         4
 Flame Wave               Conj/Fire      5%         2d5       83%         4
 Petrify                  Tmut/Erth      5%         N/A       83%         4
 Sticky Flame             Conj/Fire      5%         2d3       83%         4
 Summon Lightning Spire   Summ/Air       5%         N/A       83%         4
 Agony                    Necr           5%         N/A       99%         5

Inventory:

Hand Weapons
 a - a +2 dagger
 i - a +3 dagger of speed (weapon)
   (You took it off a goblin on level 2 of the Dungeon)
Missiles
 e - 69 stones
 n - 34 poisoned darts
 z - 2 curare-tipped darts {=f}
 I - 7 boomerangs
 L - 6 javelins
Armour
 b - a +1 robe
 K - a +0 troll leather armour (worn)
   (You found it on level 7 of the Dungeon)
Magical Staves
 H - a staff of air {!a}
   (You found it on level 6 of the Dungeon)
 J - a staff of air {!a}
   (You found it on level 7 of the Dungeon)
Jewellery
 g - an amulet of regeneration (around neck)
   (You found it on level 3 of the Dungeon)
 p - an amulet of magic regeneration
   (You found it on level 3 of the Dungeon)
 A - an amulet of the acrobat
   (You found it on level 9 of the Dungeon)
 F - an amulet of reflection
   (You found it on level 5 of the Dungeon)
 N - a ring of positive energy (left hand)
   (You found it on level 1 of the Dungeon)
Wands
 B - a wand of roots (1)
   (You took it off Pikel on level 8 of the Dungeon)
 C - a wand of flame (10)
   (You found it on level 5 of the Dungeon)
 E - a wand of paralysis (14)
   (You found it on level 6 of the Dungeon)
 O - a wand of polymorph (4)
   (You found it on level 10 of the Dungeon)
Scrolls
 d - 2 scrolls of silence {!r}
 l - 2 scrolls of amnesia
 r - 5 scrolls of fog
 u - 6 scrolls of teleportation {@r4}
 v - 3 scrolls of immolation {!r!r}
 y - 3 scrolls of torment {!r}
 D - 4 scrolls of identify {@r1}
 G - 2 scrolls of noise {!r}
 M - 2 scrolls of poison {!r}
 P - a scroll of fear
Potions
 c - 4 potions of invisibility
 f - 6 potions of mutation {!q}
 h - 7 potions of curing {@q1}
 j - 4 potions of degeneration {!q}
 k - a potion of berserk rage {!q}
 m - 3 potions of haste {@q3}
 o - 5 potions of heal wounds {@q2}
 q - 5 potions of brilliance
 s - a potion of enlightenment
 t - 2 potions of ambrosia
 w - 3 potions of lignification {!q}
 x - a potion of cancellation
 Q - a potion of might

Dungeon Overview and Level Annotations

Branches:
Dungeon (11/15) Zot: 26289  Temple (1/1) D:4 Zot: 5985    Lair (1/5) D:8 Zot: 5767
  Sewer (visited)         Ossuary (visited)
    Orc: D:9-12

Altars:
Ashenzari
Cheibriados
Dithmenos
Fedhas
Gozag
Hepliaklqana
Kikubaaqudgha
Makhleb
Nemelex Xobeh
Okawaru
Qazlal
Ru
Sif Muna
Trog
Uskayaw
Vehumet
Wu Jian
Xom
Yredelemnul

Shops:
D:11 *

Annotations:
D:2 Terence
D:4 3 runed translucent doors, Edmund; decrepitude's ghost, amateur KoHu
D:9 Harold

#####P.....## #...
#####.###.....##
#..
.....##........##
..
##..#.#...#.>...##
.........####....#
..8..†..## ##...#
......'.# #...###
.###..#<##
#.....##
.....##..#
#..@...#
##.#.#...#
#..S..~~P~P
##.#....#
#.....P~~~~
####...#
#......P~PP .....#
##.....S~~P
.......#
......~~~~
#####...#
......PP~~ #...#
##.....~~~~ #...#


You could see a black mamba and an electric eel.


Message History

You regained 2 hp, and now have 65/83 hp.
You lost 2 mp, and now have 16/20 mp.
Casting: Ensorcelled Hibernation (safe; 4% risk of failure)
Confirm with . or Enter, or press ? or * to list all spells.
You can't see any susceptible monsters within range! (Use Z to cast anyway.) Unknown command.
Casting: Ensorcelled Hibernation (safe; 4% risk of failure)
Confirm with . or Enter, or press ? or * to list all spells.
You can't see any susceptible monsters within range! (Use Z to cast anyway.)
The helpless electric eel fails to defend itself.
You stick the electric eel like a pincushion!!!!
You kill the electric eel!
Dithmenos accepts your kill. 😕 HP[+2]
You regained 2 hp, and now have 67/83 hp. 😕 HP[+6]
You regained 6 hp, and now have 73/83 hp.
Unknown command.
Your magical contamination has completely faded away. 😕 HP[+9] MP[+1]
You regained 9 hp, and now have 82/83 hp.
You now have 672 gold pieces (gained 15).
You can no longer transform into a swirling mass of shadows. 😎 HP[+1] MP[+3]
Your hp is fully restored (83).
Your mp is fully restored (20).
e - 69 stones (gained 6)
A black mamba comes into view.
A black mamba is nearby!
A black mamba is nearby!
A black mamba is nearby!
An electric eel comes into view.
The black mamba hisses angrily.
The black mamba bites you!
You are poisoned.
The black mamba poisons you!
The electric eel shoots out a bolt of lightning at you!
The bolt of electricity hits you!
The black mamba bites you but does no damage. 😕 HP[-20]
You take 20 damage, and now have 63/83 hp.
MASSIVE DAMAGE!! (PAUSE)
Casting: Ensorcelled Hibernation (safe; 4% risk of failure)
Confirm with . or Enter, or press ? or * to list all spells.
Aiming: Ensorcelled Hibernation (safe; 4% risk of failure)
Press: ? - help, Shift-Dir - straight line, f - black mamba
Aim: a black mamba (umbra, chance to affect: 50%)
The black mamba resists with significant effort.
You feel very sick. The black mamba bites you!
You are more poisoned.
The black mamba poisons you!
The electric eel shoots out a bolt of lightning at you!
The bolt of electricity hits you!
* * * LOW HITPOINT WARNING * * *
You focus on the pain.
You feel agile all of a sudden.
The black mamba closely misses you. 😨 HP[-30] MP[-2]
You take 30 damage, and now have 33/83 hp.
MASSIVE DAMAGE!! (PAUSE)
You lost 2 mp, and now have 18/20 mp.
Casting: Ensorcelled Hibernation (safe; 4% risk of failure)
Confirm with . or Enter, or press ? or * to list all spells.
Aiming: Ensorcelled Hibernation (safe; 4% risk of failure)
Press: ? - help, Shift-Dir - straight line, f/p - black mamba
Aim: a black mamba (umbra, chance to affect: 50%)
The black mamba resists with significant effort.
You feel extremely sick.
The black mamba closely misses you. 😨 HP[-6] MP[-2]
You take 6 damage, and now have 27/83 hp.
You lost 2 mp, and now have 16/20 mp.
Unknown command.
Casting: Ensorcelled Hibernation (safe; 4% risk of failure)
Confirm with . or Enter, or press ? or * to list all spells.
Aiming: Ensorcelled Hibernation (safe; 4% risk of failure)
Press: ? - help, Shift-Dir - straight line, f/p - black mamba
Aim: a black mamba (umbra, chance to affect: 50%)
The black mamba resists with significant effort.
You feel very sick.
The black mamba bites you but does no damage.
The electric eel shoots out a bolt of lightning at you!
The bolt of electricity hits you!
* * * LOW HITPOINT WARNING * * *
The black mamba closely misses you. 😱 HP[-13] MP[-2]
You take 13 damage, and now have 14/83 hp.
You lost 2 mp, and now have 14/20 mp.
Unknown command.
Casting: Ensorcelled Hibernation (safe; 4% risk of failure)
Confirm with . or Enter, or press ? or * to list all spells.
Aiming: Ensorcelled Hibernation (safe; 4% risk of failure)
Press: ? - help, Shift-Dir - straight line, f/p - black mamba
Aim: a black mamba (umbra, chance to affect: 50%)
The black mamba resists with significant effort.
You feel very sick. The black mamba closely misses you.
The electric eel shoots out a bolt of lightning at you!
The bolt of electricity misses you. The black mamba bites you!
You die...

Skill      XL: |  1  2  3  4  5  6  7  8  9 10 11 |
---------------+----------------------------------+-----
Short Blades   | 1 2 3 4 5 7 8 |  8.9
Stealth        | 3 4 5 6 8 9 10 | 10.0
Fighting       | 1 2 3 4 5 6 |  6.8
Spellcasting   | 3 4 5 6 |  6.6
Hexes          | 4 5 6 7 |  7.5
Dodging        | 2 3 4 |  4.3
Armour         | 1 2 3 |  3.8

Action                     |  1- 3 |  4- 6 |  7- 9 | 10-12 || total
---------------------------+-------+-------+-------+-------++-------
  Melee: Dagger            |   197 |   274 |   190 |   443 ||  1104
         Punch             |       |     4 |     2 |     8 ||    14
         Touch             |       |       |    24 |    90 ||   114
   Cast: Ensorcelled Hiber |    15 |    30 |    42 |    71 ||   158
         Confusing Touch   |       |     3 |     4 |    16 ||    23
         Tukima's Dance    |       |       |       |     2 ||     2
  Evoke: Wand              |       |       |       |    11 ||    11
    Use: Scroll            |     8 |     9 |     8 |     2 ||    27
         Potion            |       |     4 |       |     1 ||     5
   Stab: Sleeping          |    16 |    22 |    38 |    42 ||   118
         Invisible         |       |     5 |       |       ||     5
         Confused          |       |     2 |     2 |     6 ||    10
         Distracted        |       |       |       |     1 ||     1
 Armour: Robe              |    95 |    93 |    62 |       ||   250
         Troll leather arm |       |       |     9 |   248 ||   257
  Dodge: Dodged            |   141 |   122 |    92 |   236 ||   591

Levels and vault maps discovered:
D:1:      nicolae_arrival_somewhat_less_tricky_arrival, layout_basic
D:2:      layout_rooms, serial_forest, infiniplex_forest_straight_4,
          infiniplex_forest_lined_corner, infiniplex_forest_clump_long,
          infiniplex_forest_lined_corner, uniq_terence
D:3:      layout_rooms, chequers_temple_overflow_statue_of_worship,
          jmf_multi_god_temple
D:4:      layout_basic, minmay_temple_entry_statues_fountains,
          nicolae_ossuary_entry_monument, gup_sewer_entry_pipe,
          ebering_ghost_rock_garden, kennysheep_potato, uniq_edmund
D:5:      layout_loops_corners, chequers_hall_statues_wall_a,
          kennysheep_pointless_box
D:6:      layout_cave_pools
D:7:      layout_basic, uniq_menkaure, uniq_joseph, uniq_maurice
D:8:      layout_gridville, david_lair_shrubbed, uniq_pikel
D:9:      layout_long_grid, grunt_temple_overflow_magic_moments, serial_library,
          serial_library_hellmonk_room_c, serial_library_hellmonk_filled_rooms,
          serial_library_hellmonk_open_square,
          serial_library_hellmonk_double_dead_end,
          serial_library_hellmonk_angled_corner, serial_library_hellmonk_h_bend,
          serial_library_hellmonk_hallway_b,
          serial_library_hellmonk_open_square,
          serial_library_regret_index_double_sided,
          chequers_serial_rivers_room_b, uniq_harold
D:10:     layout_basic
D:11:     layout_big_octagon, serial_shops, shop
Temple:   cyrus_circular_temple
Lair:1:   gammafunk_indiana_jones, layout_concentric_octagons, basic_altar,
          serial_bayou_shore_a, serial_bayou_shore_b, grunt_megastairs_1

Notes
Turn   | Place    | Note
-------+----------+-------------------------------------------
     0 | D:1      | kae the Demonspawn Enchanter began the quest for the Orb.
     0 | D:1      | Reached XP level 1. HP: 13/13 MP: 3/3
     0 | D:1      | magus.rc [v1.11.3]
   131 | D:1      | Reached skill level 1 in Short Blades
   236 | D:1      | Gained mutation: You are partially covered in molten
                  | scales. (AC +2) [demonic ancestry]
   236 | D:1      | Reached XP level 2. HP: 10/19 MP: 5/5
   291 | D:1      | Learned a level 2 spell: Ensorcelled Hibernation
   453 | D:1      | Reached skill level 3 in Stealth
  1032 | D:1      | Reached XP level 3. HP: 25/25 MP: 6/6
  1222 | D:2      | Learned a level 3 spell: Confusing Touch
  1360 | D:2      | Noticed Terence
  2051 | D:3      | Found a hazy altar of Hepliaklqana.
  2053 | D:3      | Found an iron altar of Okawaru.
  2186 | D:3      | Found a sparkling altar of Nemelex Xobeh.
  2235 | D:3      | Found a sacrificial altar of Ru.
  2235 | D:3      | Found an opulent altar of Gozag.
  2236 | D:3      | Found a basalt altar of Yredelemnul.
  2276 | D:3      | Reached skill level 1 in Fighting
  2276 | D:3      | Reached skill level 2 in Short Blades
  2276 | D:3      | Gained mutation: You regenerate a little health from kills.
                  | [demonic ancestry]
  2276 | D:3      | Reached XP level 4. HP: 32/32 MP: 7/7
  2520 | D:4      | Found a staircase to the Ecumenical Temple.
  2522 | D:4      | Noticed a scorpion
  2528 | D:4      | Killed a scorpion
  2535 | D:4      | HP: 2/32 [iguana (10)]
  2543 | D:4      | Gained mutation: You sometimes gain a little power by
                  | taking damage. [demonic ancestry]
  2543 | D:4      | Reached XP level 5. HP: 13/37 MP: 4/9
  2560 | Temple   | Entered the Ecumenical Temple
  2567 | Temple   | Became a worshipper of Dithmenos the Shadowed
  2596 | D:4      | Noticed Edmund
  2695 | D:4      | Found a sand-covered staircase.
  2702 | Ossuary  | Entered an ossuary
  2756 | Ossuary  | Reached skill level 4 in Stealth
  2847 | Ossuary  | Reached XP level 6. HP: 24/44 MP: 10/10
  2859 | Ossuary  | Reached skill level 2 in Fighting
  2859 | Ossuary  | Reached skill level 3 in Short Blades
  2867 | Ossuary  | Reached skill level 3 in Spellcasting
  3008 | D:4      | Found a runed translucent gate.
  3009 | D:4      | Found a runed translucent gate.
  3011 | D:4      | Found a runed translucent gate.
  3011 | D:4      | Noticed decrepitude's ghost (amateur KoHu)
  3015 | D:4      | Reached * piety under Dithmenos
  3230 | D:4      | Found a glowing drain.
  3275 | Sewer    | Entered a sewer
  3736 | Sewer    | Reached skill level 4 in Hexes
  4097 | D:4      | Gained mutation: Your touch may inflict minor irresistible
                  | damage on your foes. [demonic ancestry]
  4097 | D:4      | Reached XP level 7. HP: 43/51 MP: 6/11
  4353 | D:4      | Learned a level 3 spell: Tukima's Dance
  4357 | D:4      | Learned a level 3 spell: Dazzling Flash
  4380 | D:5      | Entered Level 5 of the Dungeon
  4574 | D:5      | Reached skill level 5 in Stealth
  4786 | D:5      | Reached skill level 4 in Short Blades
  4941 | D:5      | Reached ** piety under Dithmenos
  4985 | D:5      | Reached skill level 3 in Fighting
  5157 | D:5      | Gained mutation: You regenerate health from kills. [demonic
                  | ancestry]
  5157 | D:5      | Reached XP level 8. HP: 58/58 MP: 9/13
  5616 | D:6      | Noticed a two-headed ogre
  5619 | D:6      | Killed a two-headed ogre
  5620 | D:6      | Reached skill level 4 in Fighting
  5620 | D:6      | Reached skill level 5 in Short Blades
  5620 | D:6      | Reached skill level 6 in Stealth
  5620 | D:6      | Reached skill level 4 in Spellcasting
  5620 | D:6      | Reached skill level 5 in Hexes
  5730 | D:6      | Reached XP level 9. HP: 65/65 MP: 15/15
  6106 | D:6      | Identified the +1 sling "Doeg" {drain, rN+ Int-3 Dex+2
                  | Stlth+}
  6117 | D:6      | Reached skill level 6 in Short Blades
  6117 | D:6      | Reached skill level 7 in Stealth
  6410 | D:7      | You pick up a book of Conjurations and begin reading...
  6410 | D:7      | You add the spells Magic Dart, Searing Ray and Fulminant
                  | Prism to your library.
  6611 | D:7      | Noticed a troll
  6616 | D:7      | Reached skill level 5 in Spellcasting
  6618 | D:7      | Killed a troll
  6679 | D:7      | Noticed Menkaure
  6716 | D:7      | Reached skill level 5 in Fighting
  6862 | D:7      | Noticed Maurice
  7120 | D:7      | Maurice stole a staff of earth {!a}
  7123 | D:7      | Maurice stole 24 poisoned darts
  7128 | D:7      | Killed Maurice
  7129 | D:7      | Reached skill level 2 in Dodging
  7129 | D:7      | Reached skill level 6 in Hexes
  7246 | D:7      | Noticed Joseph
  7260 | D:7      | Killed Joseph
  7261 | D:7      | Reached skill level 7 in Short Blades
  7261 | D:7      | Reached skill level 1 in Armour
  7261 | D:7      | Reached skill level 8 in Stealth
  7261 | D:7      | Gained mutation: Your touch may inflict irresistible damage
                  | on your foes. [demonic ancestry]
  7261 | D:7      | Reached XP level 10. HP: 58/74 MP: 14/18
  7485 | D:7      | Killed Menkaure
  7595 | D:8      | Reached *** piety under Dithmenos
  7726 | D:8      | Noticed Pikel
  7732 | D:8      | Killed Pikel
  8004 | D:8      | Found a staircase to the Lair.
  8417 | D:8      | You pick up a book of Necromancy and begin reading...
  8417 | D:8      | You add the spells Necrotise, Vampiric Draining and Agony
                  | to your library.
  8434 | D:8      | Reached skill level 2 in Armour
  8633 | D:8      | Reached skill level 3 in Dodging
  8720 | D:9      | Reached **** piety under Dithmenos
  8887 | D:9      | Reached skill level 6 in Fighting
  8901 | D:9      | Reached skill level 9 in Stealth
  8901 | D:9      | Reached skill level 6 in Spellcasting
  8920 | D:9      | Noticed a two-headed ogre
  8948 | D:9      | Reached skill level 8 in Short Blades
  8951 | D:9      | Killed a two-headed ogre
  8952 | D:9      | Gained mutation: You are mostly covered in molten scales.
                  | (AC +3) [demonic ancestry]
  8952 | D:9      | Reached XP level 11. HP: 81/81 MP: 10/20
  8954 | D:9      | You pick up a book of Geomancy and begin reading...
  8954 | D:9      | You add the spells Sandblast, Passwall, Stone Arrow and
                  | Brom's Barrelling Boulder to your library.
  9083 | D:9      | You pick up a book of Flames and begin reading...
  9083 | D:9      | You add the spells Inner Flame, Sticky Flame and Flame Wave
                  | to your library.
  9232 | D:9      | Found a radiant altar of Vehumet.
  9236 | D:9      | Found an ancient bone altar of Kikubaaqudgha.
  9237 | D:9      | Found a shimmering blue altar of Sif Muna.
  9245 | D:9      | Got Vehumet's Folio of Conflict
  9249 | D:9      | Noticed Harold
  9304 | D:9      | You pick up a book of Sloth and begin reading...
  9304 | D:9      | You add the spells Frozen Ramparts, Petrify and Metabolic
                  | Englaciation to your library.
  9648 | D:9      | Reached skill level 7 in Hexes
  9653 | D:9      | Reached skill level 3 in Armour
 10091 | D:10     | Entered Level 10 of the Dungeon
 10185 | D:10     | You pick up a book of Storms and begin reading...
 10185 | D:10     | You add the spells Static Discharge, Airstrike and Summon
                  | Lightning Spire to your library.
 10767 | D:11     | Noticed a two-headed ogre
 10879 | D:10     | Reached skill level 4 in Dodging
 10896 | D:11     | HP: 14/83 [two-headed ogre/+0 giant spiked club (19)]
 10898 | D:11     | Killed a two-headed ogre
 10969 | D:11     | Reached ***** piety under Dithmenos
 10975 | D:11     | You add the spells Shock, Foxfire and Ozocubu's Armour to
                  | your library.
 10975 | D:11     | Got the Excursus on Algid Blows
 11302 | D:11     | Found Uxiteh's General Store.
 11311 | D:11     | Bought a potion of might for 44 gold pieces
 11311 | D:11     | Bought a scroll of teleportation for 33 gold pieces
 11488 | Lair:1   | Entered Level 1 of the Lair of Beasts
 11533 | Lair:1   | Reached skill level 10 in Stealth
 11719 | Lair:1   | HP: 14/83 [electric eel/bolt of electricity (10)]
 11720 | Lair:1   | Slain by a black mamba

Vanquished Creatures
  3 two-headed ogres
  Pikel (D:8)
  A cyclops (D:11)
  Maurice (D:7)
  Joseph (D:7)
  A gargoyle (D:11)
  A cane toad (Lair:1)
  A yaktaur (shapeshifter) (D:10)
  3 komodo dragons
  4 trolls
  2 shadows (D:10)
  8 yaks (D:9)
  3 wyverns
  A wraith (D:11)
  6 vampire mosquitoes
  Menkaure (D:7)
  2 water moccasins
  3 orc warriors
  2 sky beasts
  A black bear (D:5)
  3 ice beasts
  6 centaurs
  2 ogres
  A phantom (D:6)
  5 kobold brigands
  4 bullfrogs
  3 scorpions
  A gnoll sergeant (D:10)
  3 wights
  15 killer bees
  An electric eel (Lair:1)
  5 howler monkeys (D:10)
  4 jellies
  4 orc priests
  4 hounds
  A sleepcap (D:6)
  5 iguanas
  9 orc wizards
  8 mummies (Ossuary)
  10 gnolls
  8 adders
  A shadow imp (D:7)
  2 ufetubi (D:5)
  5 worms
  33 orcs
  10 ball pythons
  6 endoplasms
  9 giant cockroaches
  7 goblins
  8 hobgoblins
  5 jackals (D:1)
  25 kobolds
  4 quokkas
  3 bats
  4 frilled lizards
  2 hobgoblin zombies (Ossuary)
  3 kobold zombies (Ossuary)
  3 orc zombies (Ossuary)
  5 rats
283 creatures vanquished.

Table legend:
 A = Non-vault XP
 B = Vault XP
 C = Vault XP percentage of total XP
 D = Non-vault monster count
 E = Vault monster count
 F = Vault count percentage of total count
                 A         B        C        D         E       F
            +---------+---------+-------+---------+---------+-------
      Total |   16266 |    2832 |  14.8 |     236 |      47 |  16.6
            +---------+---------+-------+---------+---------+-------
        D:1 |      44 |       0 |   0.0 |      25 |       0 |   0.0
        D:2 |      28 |       0 |   0.0 |      14 |       0 |   0.0
        D:3 |      27 |       3 |  10.0 |      10 |       2 |  16.7
        D:4 |     333 |      49 |  12.8 |      20 |       8 |  28.6
        D:5 |     872 |       0 |   0.0 |      14 |       0 |   0.0
        D:6 |    1913 |       0 |   0.0 |      24 |       0 |   0.0
        D:7 |    1380 |    1147 |  45.4 |      24 |       3 |  11.1
        D:8 |    1718 |     926 |  35.0 |      35 |       2 |   5.4
        D:9 |    3734 |       0 |   0.0 |      32 |       0 |   0.0
       D:10 |    2262 |       0 |   0.0 |      26 |       0 |   0.0
       D:11 |    3528 |       0 |   0.0 |      10 |       0 |   0.0
     Lair:1 |     427 |     418 |  49.5 |       2 |       1 |  33.3
      Sewer |       0 |     137 | 100.0 |       0 |      15 | 100.0
    Ossuary |       0 |     152 | 100.0 |       0 |      16 | 100.0
            +---------+---------+-------+---------+---------+-------

Skill      XL: |  1  2  3  4  5  6  7  8  9 10 11 |
---------------+----------------------------------+-----
Short Blades   | 1 2 3 4 5 7 8 |  8.9
Stealth        | 3 4 5 6 8 9 10 | 10.0
Fighting       | 1 2 3 4 5 6 |  6.8
Spellcasting   | 3 4 5 6 |  6.6
Hexes          | 4 5 6 7 |  7.5
Dodging        | 2 3 4 |  4.3
Armour         | 1 2 3 |  3.8

Action                     |  1- 3 |  4- 6 |  7- 9 | 10-12 || total
---------------------------+-------+-------+-------+-------++-------
  Melee: Dagger            |   197 |   274 |   190 |   443 ||  1104
         Punch             |       |     4 |     2 |     8 ||    14
         Touch             |       |       |    24 |    90 ||   114
   Cast: Ensorcelled Hiber |    15 |    30 |    42 |    71 ||   158
         Confusing Touch   |       |     3 |     4 |    16 ||    23
         Tukima's Dance    |       |       |       |     2 ||     2
  Evoke: Wand              |       |       |       |    11 ||    11
    Use: Scroll            |     8 |     9 |     8 |     2 ||    27
         Potion            |       |     4 |       |     1 ||     5
   Stab: Sleeping          |    16 |    22 |    38 |    42 ||   118
         Invisible         |       |     5 |       |       ||     5
         Confused          |       |     2 |     2 |     6 ||    10
         Distracted        |       |       |       |     1 ||     1
 Armour: Robe              |    95 |    93 |    62 |       ||   250
         Troll leather arm |       |       |     9 |   248 ||   257
  Dodge: Dodged            |   141 |   122 |    92 |   236 ||   591

Illustrated notes

Table legend:
 A = Kills in this place as a percentage of kills in the entire game.
 B = Kills by you in this place as a percentage of kills by you in the entire game.
 C = Kills by friends in this place as a percentage of kills by friends in the entire game.
 D = Other kills in this place as a percentage of other kills in the entire game.
 E = Experience gained in this place as a percentage of experience gained in the entire game.
 F = Experience gained in this place divided by the number of levels of this place that you have seen.
                   A       B       C       D       E      F
               +-------+-------+-------+-------+-------+----------------------
         Total | 100.0 | 100.0 |   N/A | 100.0 | 100.0 | 1273.2
       Dungeon |  88.0 |  87.9 |   N/A | 100.0 |  94.1 | 1633.1
          Lair |   1.1 |   1.1 |   N/A |   0.0 |   4.4 | 845.0
         Sewer |   5.3 |   5.3 |   N/A |   0.0 |   0.7 | 137.0
       Ossuary |   5.7 |   5.7 |   N/A |   0.0 |   0.8 | 152.0
               +-------+-------+-------+-------+-------+----------------------

Table legend: (Time is in decaauts)
 A = Elapsed time spent in this place.
 B = Non-inter-level travel time spent in this place.
 C = Inter-level travel time spent in this place.
 D = Time resting spent in this place.
 E = Time spent auto-exploring this place.
 F = Levels seen in this place.
 G = Mean time per level.
                   A        B        C        D        E       F      G
               +--------+--------+--------+--------+--------+-----+--------+
         Total |  11335 |  10938 |    397 |    559 |   7811 |  15 |  755.7 |
       Dungeon |  10135 |   9738 |    397 |    507 |   7075 |  11 |  921.4 |
        Temple |     14 |     14 |      0 |      0 |      0 |   1 |   14.0 |
          Lair |    231 |    231 |      0 |     17 |    174 |   1 |  231.0 |
         Sewer |    688 |    688 |      0 |     33 |    473 |   1 |  688.0 |
       Ossuary |    265 |    265 |      0 |      2 |     89 |   1 |  265.0 |
               +--------+--------+--------+--------+--------+-----+--------+

Top non-repeatable levels by time:
     D:7: 1335 daAuts
     D:9: 1307 daAuts
     D:5: 1212 daAuts
     D:1: 1204 daAuts
     D:8: 998 daAuts
     D:4: 888 daAuts
    D:10: 772 daAuts
     D:2: 760 daAuts
   Sewer: 688 daAuts
     D:6: 659 daAuts
     D:3: 517 daAuts
    D:11: 479 daAuts
 Ossuary: 265 daAuts
  Lair:1: 231 daAuts
  Temple: 14 daAuts
